RES
CARINGBAH ACES @ STRATHFIELD ANGELS
05/11/2022
 
TOP OF THE 1ST
Caringbah Aces batting - Pitching for Strathfield Angels : LHP Denis Birstall
Pitching: LHP Denis Birstall
Batting: SHB Jess Herbert 0-0: DOUBLE (Flyball, 89D, EV 110.6 MPH)
Batting: LHB Steve Kinghorn 0-0: Swinging Strike
0-1: Ball
1-1: Foul Ball, location: 7LSFF
1-2: Foul Ball, location: 23FF
1-2: SINGLE (Line Drive, 8LS, EV 95.0 MPH)
Jess Herbert to third
Runner from 3rd tries for Home, SAFE, throw by CF to home
Steve Kinghorn to second
Batting: RHB Toby Bailey 0-0: Called Strike
0-1: Swinging Strike
0-2: Strikes out swinging
Batting: RHB O.P. Coggan 0-0: Called Strike
0-1: Called Strike
0-2: Foul Ball, location: 2F
0-2: Ball
1-2: Strikes out swinging
Batting: LHB Michael Yaag 0-0: Called Strike
0-1: Ball
1-1: 2-RUN HOME RUN (Flyball, 9D, EV 103.1 MPH), Distance : 399 ft
Batting: RHB Chris Roarty 0-0: Ball
1-0: Foul Ball, location: 5F
1-1: Foul Ball, location: 9LDF
1-2: Ball
2-2: Foul Ball, location: 9LDF
2-2: Strikes out swinging
Top of the 1st over - 3 runs, 3 hits, 0 errors, 0 left on base; Caringbah 3 - Strathfield 0
BOTTOM OF THE 1ST
Strathfield Angels batting - Pitching for Caringbah Aces : RHP Jamie Dryden
Pitching: RHP Jamie Dryden
Batting: RHB Trevor Tinter 0-0: Called Strike
0-1: Ball
1-1: Called Strike
1-2: Foul Ball, location: 3F
1-2: Ball
2-2: Foul Ball, location: 7LSF
2-2: Ball
3-2: Fly out, F9 (Flyball, 9LS, EV 97.5 MPH)
Batting: RHB Joe Graves 0-0: Called Strike
0-1: SINGLE (Line Drive, 4D, EV 93.8 MPH)
Batting: SHB David Hoddinott 0-0: Ball
1-0: Called Strike
1-1: Ball
2-1: Fly out, F9 (Flyball, 89D, EV 106.3 MPH)
Batting: SHB Lionel Lovenbury 0-0: Ball
1-0: Ball
Joe Graves is caught stealing 2nd base 2-6
Bottom of the 1st over - 0 runs, 1 hit, 0 errors, 0 left on base; Caringbah 3 - Strathfield 0
TOP OF THE 2ND
Caringbah Aces batting - Pitching for Strathfield Angels : LHP Denis Birstall
Batting: RHB Mo Cockerill 0-0: Ball
1-0: Foul Ball, location: 2F
1-1: Ground out 4-3 (Groundball, 4, EV 101.3 MPH)
Batting: SHB Danny Sandbach 0-0: Ball
1-0: Ball
2-0: Called Strike
2-1: Called Strike
2-2: SINGLE (Groundball, 5D, EV 112.5 MPH)
Batting: RHB Farris Pluckrose 0-0: Called Strike
0-1: Ball
1-1: Called Strike
1-2: Foul Ball, location: 9LSFF
1-2: Foul Ball, location: 2F
1-2: Ball
2-2: Strikes out looking
Batting: SHB Jess Herbert 0-0: Ball
1-0: Ground out U3 (Groundball, 3L, EV 96.9 MPH)
Top of the 2nd over - 0 runs, 1 hit, 0 errors, 1 left on base; Caringbah 3 - Strathfield 0
BOTTOM OF THE 2ND
Strathfield Angels batting - Pitching for Caringbah Aces : RHP Jamie Dryden
Batting: SHB Lionel Lovenbury 0-0: Foul Ball, location: 7LDF
0-1: Ball
1-1: Called Strike
1-2: Ball
2-2: Ball
3-2: Foul Ball, location: 2F
3-2: DOUBLE (Flyball, 8LXD, EV 100.0 MPH)
Batting: RHB Paul Hambly 0-0: Called Strike
0-1: Ball
1-1: SINGLE (Line Drive, 9S, EV 88.1 MPH)
Lionel Lovenbury to third
Batting: RHB Timmy Smith 0-0: Ball
1-0: Called Strike
1-1: Swinging Strike
1-2: Fly out, F7 (Flyball, 7, EV 87.5 MPH)
Batting: RHB Luke Newton Pickoff Throw to First - Out! 1-3
0-0: Ground out 1-3 (Groundball, 13S, EV 63.1 MPH)
Bottom of the 2nd over - 0 runs, 2 hits, 0 errors, 1 left on base; Caringbah 3 - Strathfield 0
TOP OF THE 3RD
Caringbah Aces batting - Pitching for Strathfield Angels : LHP Denis Birstall
Batting: LHB Steve Kinghorn 0-0: Ground out 6-3 (Groundball, 6, EV 84.4 MPH)
Batting: RHB Toby Bailey 0-0: Ball
1-0: Ball
2-0: Reached on error, E6 (Groundball, 6, EV 101.9 MPH)
Batting: RHB O.P. Coggan 0-0: Called Strike
0-1: Ball
1-1: Swinging Strike
1-2: Strikes out looking
Batting: LHB Michael Yaag 0-0: Ball
1-0: Foul Ball, location: 2F
1-1: SINGLE (Line Drive, 89S, EV 104.4 MPH)
Toby Bailey to second
Runner from 2nd tries for 3rd, SAFE, throw by RF made to third
Batting: RHB Chris Roarty 0-0: Ball
1-0: Ball
2-0: Ball
3-0: Called Strike
3-1: Foul Ball, location: 9LDF
3-2: Base on Balls
Michael Yaag to second
Batting: RHB Mo Cockerill 0-0: Ball
1-0: Ball
2-0: Ball
3-0: Called Strike
3-1: Fly out, F9 (Flyball, 9, EV 78.8 MPH)
Top of the 3rd over - 0 runs, 1 hit, 1 error, 3 left on base; Caringbah 3 - Strathfield 0
BOTTOM OF THE 3RD
Strathfield Angels batting - Pitching for Caringbah Aces : RHP Jamie Dryden
Batting: RHB Eric Pickering 0-0: Ball
1-0: Ball
2-0: Called Strike
2-1: Swinging Strike
2-2: Fly out, F9 (Line Drive, 9, EV 108.1 MPH)
Batting: LHB Brad Jevons 0-0: Called Strike
0-1: Ball
1-1: Called Strike
1-2: Ball
2-2: Ball
3-2: Ground out 4-3 (Groundball, 4, EV 88.8 MPH)
Batting: RHB Trevor Tinter 0-0: Foul Ball, location: 23F
0-1: Ground out 6-3 (Groundball, 4MD, EV 98.8 MPH)
Bottom of the 3rd over - 0 runs, 0 hits, 0 errors, 0 left on base; Caringbah 3 - Strathfield 0
TOP OF THE 4TH
Caringbah Aces batting - Pitching for Strathfield Angels : LHP Denis Birstall
Batting: SHB Danny Sandbach 0-0: Called Strike
0-1: Called Strike
0-2: Strikes out swinging
Batting: RHB Farris Pluckrose 0-0: Called Strike
0-1: Foul Ball, location: 2F
0-2: Ball
1-2: Ball
2-2: Strikes out swinging
Batting: SHB Jess Herbert 0-0: Ground out 2-3 (Groundball, 2R, EV 63.8 MPH)
Top of the 4th over - 0 runs, 0 hits, 0 errors, 0 left on base; Caringbah 3 - Strathfield 0
BOTTOM OF THE 4TH
Strathfield Angels batting - Pitching for Caringbah Aces : RHP Jamie Dryden
Batting: RHB Joe Graves 0-0: Swinging Strike
0-1: Fly out, F8 (Line Drive, 89D, EV 105.0 MPH)
Batting: SHB David Hoddinott 0-0: Called Strike
0-1: Swinging Strike
0-2: Ball
1-2: Ball
2-2: Ground out 4-3 (Groundball, 34, EV 81.9 MPH)
Batting: SHB Lionel Lovenbury 0-0: Called Strike
0-1: Swinging Strike
0-2: Ball
1-2: Ball
2-2: Foul Ball, location: 2LF
2-2: Ball
3-2: Foul Ball, location: 2F
3-2: Foul Ball, location: 5F
3-2: Foul Ball, location: 2F
3-2: Foul Ball, location: 9LSF
3-2: Base on Balls
Batting: RHB Paul Hambly 0-0: Ball
1-0: DOUBLE (Flyball, 8RXD, EV 97.5 MPH)
Lionel Lovenbury to third
Runner from 3rd tries for Home, SAFE, throw by CF to home
Batting: RHB Timmy Smith 0-0: Foul Ball, location: 2F
0-1: Foul Ball, location: 2LF
0-2: Ball
1-2: Ball
2-2: Ball
3-2: Fly out, F5 (Line Drive, 5, EV 72.5 MPH)
Bottom of the 4th over - 1 run, 1 hit, 0 errors, 1 left on base; Caringbah 3 - Strathfield 1
TOP OF THE 5TH
Caringbah Aces batting - Pitching for Strathfield Angels : LHP Denis Birstall
Batting: LHB Steve Kinghorn 0-0: Ball
1-0: Ground out 4-3 (Groundball, 4, EV 88.1 MPH)
Batting: RHB Toby Bailey 0-0: Swinging Strike
0-1: Foul Ball, location: 9LSF
0-2: Ball
1-2: Ball
2-2: Ball
3-2: Ground out 6-3 (Groundball, 6, EV 84.4 MPH)
Batting: RHB O.P. Coggan 0-0: Called Strike
0-1: Ball
1-1: Fly out, F9 (Flyball, 9S, EV 91.3 MPH)
Top of the 5th over - 0 runs, 0 hits, 0 errors, 0 left on base; Caringbah 3 - Strathfield 1
BOTTOM OF THE 5TH
Strathfield Angels batting - Pitching for Caringbah Aces : RHP Jamie Dryden
Batting: RHB Luke Newton 0-0: Ball
1-0: Called Strike
1-1: SINGLE (Groundball, 34, EV 104.4 MPH) (infield hit)
Batting: RHB Eric Pickering 0-0: Sac Bunt to P - play at first, batter OUT! 1-3
Luke Newton to second
Batting: LHB Brad Jevons 0-0: Foul Ball, location: 2F
0-1: Swinging Strike
0-2: Foul Ball, location: 2F
0-2: Strikes out swinging
Batting: RHB Trevor Tinter 0-0: Foul Ball, location: 5DF
0-1: Ball
1-1: Ball
2-1: Ball
3-1: Base on Balls
Batting: RHB Joe Graves 0-0: Called Strike
0-1: Called Strike
0-2: Ball
1-2: Ball
2-2: Foul Ball, location: 3SF
2-2: Ball
3-2: SINGLE (Line Drive, 7LS, EV 92.5 MPH)
Luke Newton to third
Trevor Tinter to second
Luke Newton scores
Trevor Tinter to third
Pitching: RHP Jonathan Cogan
Batting: SHB David Hoddinott 0-0: Ball
1-0: Fielders Choice at 2nd, 6-4 (Groundball, 6, EV 91.9 MPH)
Bottom of the 5th over - 1 run, 2 hits, 0 errors, 2 left on base; Caringbah 3 - Strathfield 2
TOP OF THE 6TH
Caringbah Aces batting - Pitching for Strathfield Angels : LHP Denis Birstall
Pitching: RHP Reegan Tabor
Batting: LHB Michael Yaag 0-0: Ground out 6-3 (Groundball, 6, EV 86.9 MPH)
Batting: RHB Chris Roarty 0-0: Ball
1-0: Foul Ball, location: 5F
1-1: Fly out, F9 (Line Drive, 89M, EV 97.5 MPH)
Batting: RHB Mo Cockerill 0-0: Foul Ball, location: 25FF
0-1: Ball
1-1: Ball
2-1: Called Strike
2-2: Ball
3-2: Fly out, F9 (Flyball, 9, EV 99.4 MPH)
Top of the 6th over - 0 runs, 0 hits, 0 errors, 0 left on base; Caringbah 3 - Strathfield 2
BOTTOM OF THE 6TH
Strathfield Angels batting - Pitching for Caringbah Aces : RHP Jonathan Cogan
Batting: SHB Lionel Lovenbury 0-0: Ball
1-0: Called Strike
1-1: Called Strike
1-2: Ball
2-2: Fly out, F6 (Popup, 6, EV 61.3 MPH)
Batting: RHB Paul Hambly 0-0: Fly out, F6 (Line Drive, 6, EV 73.8 MPH)
Batting: RHB Timmy Smith 0-0: Called Strike
0-1: Ball
1-1: Ball
2-1: Foul Ball, location: 2F
2-2: Ball
3-2: Base on Balls
Batting: RHB Luke Newton 0-0: Ball
1-0: Ball
2-0: Ball
3-0: Base on Balls
Timmy Smith to second
Batting: RHB Eric Pickering 0-0: Called Strike
0-1: Ball
1-1: Ball
2-1: Fly out, F8 (Flyball, 8LD, EV 70.6 MPH)
Bottom of the 6th over - 0 runs, 0 hits, 0 errors, 2 left on base; Caringbah 3 - Strathfield 2
TOP OF THE 7TH
Caringbah Aces batting - Pitching for Strathfield Angels : RHP Reegan Tabor
Batting: SHB Danny Sandbach 0-0: Ball
1-0: Ground out 4-3 (Groundball, 4, EV 85.0 MPH)
Batting: RHB Farris Pluckrose 0-0: Ball
1-0: Foul Ball, location: 5FF
1-1: Foul Ball, location: 9LDF
1-2: Strikes out swinging
Batting: SHB Jess Herbert 0-0: Swinging Strike
0-1: Ball
1-1: Foul Ball, location: 2F
1-2: Ball
2-2: Ball
3-2: Foul Ball, location: 9LDF
3-2: Foul Ball, location: 5FF
3-2: Ground out U3 (Groundball, 34, EV 81.9 MPH)
Top of the 7th over - 0 runs, 0 hits, 0 errors, 0 left on base; Caringbah 3 - Strathfield 2
BOTTOM OF THE 7TH
Strathfield Angels batting - Pitching for Caringbah Aces : RHP Jonathan Cogan
Batting: LHB Brad Jevons 0-0: Ball
1-0: Fly out, F9 (Flyball, 9LM, EV 81.3 MPH)
Pinch Hitting: RHB Willie Jewel 0-0: Ball
1-0: Ball
2-0: SOLO HOME RUN (Flyball, 7LD, EV 98.1 MPH), Distance : 355 ft
Batting: RHB Joe Graves 0-0: Fly out, F7 (Flyball, 7D, EV 98.8 MPH)
Batting: SHB David Hoddinott 0-0: Swinging Strike
0-1: Ball
1-1: Called Strike
1-2: Fly out, F7 (Line Drive, 7, EV 86.3 MPH)
Bottom of the 7th over - 1 run, 1 hit, 0 errors, 0 left on base; Caringbah 3 - Strathfield 3
TOP OF THE 8TH
Caringbah Aces batting - Pitching for Strathfield Angels : RHP Reegan Tabor
Now in LF: Eric Pickering
Now in RF: Willie Jewel
Batting: LHB Steve Kinghorn 0-0: Foul Ball, location: 2F
0-1: Ball
1-1: Ball
2-1: Fly out, F8 (Flyball, 8LD, EV 106.9 MPH)
Batting: RHB Toby Bailey 0-0: Ball
1-0: Ball
2-0: Ball
3-0: Called Strike
3-1: Called Strike
3-2: Base on Balls
Batting: RHB O.P. Coggan 0-0: SINGLE (Line Drive, 78S, EV 93.1 MPH)
Toby Bailey to second
Batting: LHB Michael Yaag 0-0: Ball
1-0: Ball
2-0: Ball
3-0: Base on Balls
Toby Bailey to third
O.P. Coggan to second
Pinch Hitting: RHB Michael Draycott 0-0: Swinging Strike
0-1: Called Strike
0-2: Strikes out swinging
Pitching: RHP Jim Unknown
Batting: RHB Mo Cockerill 0-0: Ball
1-0: Foul Ball, location: 9LMF
1-1: DOUBLE (Flyball, 78D, EV 100.0 MPH)
Toby Bailey scores
O.P. Coggan scores
Michael Yaag to third
Batting: SHB Danny Sandbach 0-0: Ball
1-0: Ball
2-0: Ball
3-0: Called Strike
3-1: Base on Balls
Batting: RHB Farris Pluckrose 0-0: Ball
1-0: Called Strike
1-1: Ball
2-1: Foul Ball, location: 2F
2-2: Strikes out swinging
Top of the 8th over - 2 runs, 2 hits, 0 errors, 3 left on base; Caringbah 5 - Strathfield 3
BOTTOM OF THE 8TH
Strathfield Angels batting - Pitching for Caringbah Aces : RHP Jonathan Cogan
Now at 2B: Jersey Rosbottom
Batting: SHB Lionel Lovenbury 0-0: Ground out 4-3 (Groundball, 4, EV 94.4 MPH)
Batting: RHB Paul Hambly 0-0: Ground out 6-3 (Groundball, 6, EV 93.1 MPH)
Batting: RHB Timmy Smith 0-0: Called Strike
0-1: Ball
1-1: Ball
2-1: Foul Ball, location: 2F
2-2: SINGLE (Groundball, 34D, EV 96.9 MPH)
Batting: RHB Luke Newton 0-0: Called Strike
0-1: Called Strike
0-2: Strikes out swinging
Bottom of the 8th over - 0 runs, 1 hit, 0 errors, 1 left on base; Caringbah 5 - Strathfield 3
TOP OF THE 9TH
Caringbah Aces batting - Pitching for Strathfield Angels : RHP Jim Unknown
Batting: SHB Jess Herbert 0-0: Ball
1-0: Ground out 4-3 (Groundball, 4M, EV 106.3 MPH)
Batting: LHB Steve Kinghorn 0-0: Ball
1-0: Ball
2-0: Fly out, F5 (Line Drive, 5, EV 72.5 MPH)
Batting: RHB Toby Bailey 0-0: Ball
1-0: Swinging Strike
1-1: Ball
2-1: Swinging Strike
2-2: Strikes out swinging
Top of the 9th over - 0 runs, 0 hits, 0 errors, 0 left on base; Caringbah 5 - Strathfield 3
BOTTOM OF THE 9TH
Strathfield Angels batting - Pitching for Caringbah Aces : RHP Jonathan Cogan
Pitching: LHP Ron Weyman
Now at 1B: Peyton Latimore
Batting: RHB Eric Pickering 0-0: Foul Ball, location: 9LMFF
0-1: Foul Ball, location: 9LMF
0-2: Ball
1-2: Ball
2-2: Ball
3-2: Base on Balls
Pinch Hitting: RHB Harry Glasson 0-0: Ball
1-0: Called Strike
1-1: Foul Ball, location: 2F
1-2: Ball
2-2: Fly out, F7 (Flyball, 7LS, EV 98.1 MPH)
Batting: RHB Willie Jewel 0-0: Called Strike
0-1: Ball
1-1: Ball
2-1: Called Strike
2-2: Grounds into double play, 4-6-3 (Groundball, 4, EV 98.1 MPH)
Bottom of the 9th over - 0 runs, 0 hits, 0 errors, 0 left on base; Caringbah 5 - Strathfield 3
Tuesday, April 30th , 2024 - OOTP Baseball 24.9 Build 80